 Dungeon Crawl Stone Soup version 0.17.1-2-g5865329 (webtiles) character file.

1450 WarriorsX the Slasher (level 9, -11/65 HPs)
             Began as a Human Fighter on Feb 16, 2016.
             Mangled by Pikel
             ... wielding a +2 whip of electrocution
              (16 damage)
             ... on level 6 of the Dungeon on Feb 17, 2016.
             The game lasted 00:44:14 (6980 turns).

WarriorsX the Slasher (Human Fighter)               Turns: 6980, Time: 00:44:14

Health: -11/65     AC:  8    Str: 19    XL:     9   Next: 4%
Magic:  9/9        EV:  8    Int:  9    God:
Gold:   263        SH: 10    Dex: 13    Spells: 0 memorised, 8 levels left

rFire  . . .     SeeInvis .     a - +1 long sword
rCold  + . .     Clarity  .     b - +1 scale mail
rNeg   . . .     SustAt   .     c - +0 shield
rPois  .         Gourm    .     (no helmet)
rElec  .         Spirit   .     (no cloak)
rCorr  .         Warding  .     (no gloves)
rMut   .         Stasis   .     (no boots)
MR     .....                    (no amulet)
Stlth  ..........               i - ring of ice
                                w - ring of protection from fire

@: not resistant to hostile enchantments, extremely unstealthy
A: no striking features
a: no special abilities


You were on level 6 of the Dungeon.
You were not hungry.

You visited 1 branch of the dungeon, and saw 6 of its levels.

You collected 263 gold pieces.

Inventory:

Hand Weapons
 a - a +1 long sword (weapon)
 k - a +2 trident of venom
 o - a +0 great mace
 u - a cursed -2 falchion
Armour
 b - a +1 scale mail (worn)
 c - a +0 shield (worn)
Rods
 p - a cursed +0 rod of the swarm (11/11)
   (You found it on level 4 of the Dungeon)
Jewellery
 i - a ring of ice (right hand)
 l - an uncursed ring of wizardry
 n - an uncursed amulet of the gourmand {unknown}
 w - a ring of protection from fire (left hand)
 z - an uncursed ring of flight
Wands
 s - a wand of digging (2)
 t - a wand of polymorph (0)
 v - a wand of fire (9)
 y - a wand of enslavement (10)
Scrolls
 f - 5 scrolls of identify
 g - 2 scrolls of teleportation
 m - 2 scrolls of recharging
 q - a scroll of remove curse
 r - a scroll of fog
Potions
 d - a potion of might
 j - a potion of agility
Comestibles
 e - 4 bread rations
 h - 3 chunks of flesh
 x - a meat ration


   Skills:
 - Level 4.0 Fighting
 - Level 7.0 Long Blades
 + Level 6.8 Armour
 - Level 1.1 Dodging
 - Level 1.0 Stealth
 - Level 5.0 Shields


You had 8 spell levels left.
You didn't know any spells.

Dungeon Overview and Level Annotations

Branches:
Dungeon (6/15)
 Temple: D:4-7

Altars:
Cheibriados
Dithmenos
Trog

Annotations:
D:6 Pikel


Message History

Pikel hits you but does no damage.
You closely miss Pikel.
Pikel is severely wounded.
Pikel hits you but does no damage.
You hit Pikel but do no damage.
Pikel is severely wounded.
Pikel hits you with a whip of electrocution.
You are electrocuted!
You hit Pikel but do no damage.
Pikel is severely wounded.
Pikel barely misses you.
Pikel hits you with a whip of electrocution.
You are electrocuted!
* * * LOW HITPOINT WARNING * * *
You miss Pikel.
Pikel is severely wounded.
Pikel hits you with a whip of electrocution.
* * * LOW HITPOINT WARNING * * *
You are electrocuted!
You die...

#..... #..... #..... #.....
############# #####.....
#...........####...#.....
...K....p................
.......#K########.##>....
.p.|...#@...[...#.##.....
...p...########.#..#####.
..?....# #..#####. .###.#.#
#.....##. ###.#.# #.....##.
#...#.########.#........
#######.###.#........#.....###
#.......#...#.########..[).###
#......................#[#....


You could see Pikel and a slave.

Vanquished Creatures
  Eustachio (D:5)
  Duvessa (D:5)
  An ice beast (D:5)
  A slave (D:6)
  A phantom (D:5)
  2 giant frogs (D:6)
  Dowan (D:5)
  A water moccasin skeleton (D:4)
  A scorpion (D:5)
  3 crimson imps
  A giant frog skeleton (D:6)
  A centaur skeleton (D:4)
  An iguana (D:4)
  2 hounds (D:4)
  4 worker ants
  Natasha (D:3)
  5 orc wizards
  11 adders
  A gnoll (D:1)
  2 adder skeletons
  5 worms
  7 giant geckos
  14 orcs
  7 goblins
  3 hobgoblins
  16 jackals
  5 kobolds
  A quokka (D:3)
  6 bats (D:2)
  5 giant cockroaches
  A giant gecko skeleton (D:4)
  3 giant newts
  A jackal skeleton (D:4)
  10 rats
  A bush (D:3)
127 creatures vanquished.

Vanquished Creatures (others)
  A plant (D:3)
1 creature vanquished.

Grand Total: 128 creatures vanquished

Notes
Turn   | Place    | Note
--------------------------------------------------------------
     0 | D:1      | WarriorsX the Human Fighter began the quest for the Orb.
     0 | D:1      | Reached XP level 1. HP: 18/18 MP: 1/1
   194 | D:1      | Reached XP level 2. HP: 9/25 MP: 2/2
   522 | D:1      | Reached XP level 3. HP: 30/30 MP: 3/3
   525 | D:1      | Reached skill level 4 in Fighting
   783 | D:2      | Found a bloodstained altar of Trog.
   843 | D:2      | Reached XP level 4. HP: 13/37 MP: 4/4
  1100 | D:2      | Reached skill level 1 in Dodging
  1510 | D:2      | Reached XP level 5. HP: 37/42 MP: 5/5
  2671 | D:3      | Reached XP level 6. HP: 37/48 MP: 6/6
  3296 | D:3      | Noticed Natasha
  3310 | D:3      | Killed Natasha
  3464 | D:4      | Found a snail-covered altar of Cheibriados.
  3490 | D:4      | Reached skill level 5 in Long Blades
  3584 | D:4      | HP: 1/48 [hound (3)]
  3588 | D:4      | Reached XP level 7. HP: 7/54 MP: 7/7
  4459 | D:5      | Entered Level 5 of the Dungeon
  4741 | D:5      | Noticed Eustachio
  4806 | D:5      | Killed Eustachio
  4806 | D:5      | Reached skill level 6 in Long Blades
  4806 | D:5      | Reached XP level 8. HP: 38/60 MP: 8/8
  4939 | D:5      | Reached skill level 1 in Stealth
  4939 | D:5      | Reached skill level 5 in Shields
  4941 | D:5      | Noticed Duvessa
  4941 | D:5      | Noticed Dowan
  4990 | D:5      | Killed Duvessa
  5058 | D:5      | Killed Dowan
  5290 | D:5      | Reached skill level 7 in Long Blades
  6060 | D:6      | Reached skill level 5 in Armour
  6079 | D:6      | HP: 2/60 [ice beast (6)]
  6547 | D:6      | Found a bloodstained altar of Trog.
  6659 | D:6      | Found a shadowy altar of Dithmenos.
  6729 | D:6      | Reached XP level 9. HP: 58/65 MP: 9/9
  6953 | D:6      | Noticed Pikel
  6980 | D:6      | Mangled by Pikel

Action                   |  1- 3 |  4- 6 |  7- 9 || total
-------------------------+-------+-------+-------++-------
Melee: Long sword        |    82 |   387 |   348 ||   817
Evoke: Wand              |       |     1 |     4 ||     5
  Use: Scroll            |       |     7 |     4 ||    11
       Potion            |       |     2 |     7 ||     9
  Eat: Chunk             |       |     9 |    11 ||    20
       Beef jerky        |       |       |     1 ||     1
